 Dungeon Crawl Stone Soup version 0.32-a0-38-gb04dd89b9b (webtiles) character file.

Game seed: 5909139803934531089

38 lunkers the Cudgeller (level 3, -3/39 HPs)
             Began as an Oni Cinder Acolyte on Jan 23, 2024.
             Was a Believer of Jiyva.
             Slain by a fire elemental (11 damage)
             ... created by the fiery vengeance of Ignis
             ... on level 2 of the Dungeon on Jan 24, 2024.
             The game lasted 00:01:21 (937 turns).

lunkers the Cudgeller (Oni Cinder Acolyte)           Turns: 937, Time: 00:01:21

Health: -3/39      AC:  3    Str: 20    XL:     3   Next: 43%
Magic:  4/4        EV:  9    Int: 15    God:    Jiyva [**....]
Gold:   39         SH:  0    Dex:  4    Spells: 2/4 levels left

rFire   . . .        a - -1 mace (flame)
rCold   . . .        (no shield)
rNeg    . . .        b - +0 robe
rPois   .            (helmet restricted)
rElec   .            (no cloak)
rCorr   +            (gloves unavailable)
SInv    .            (boots unavailable)
Will    .....        (no amulet)
Stlth   +            f - ring of flight
HPRegen 1.22/turn    (no ring)
MPRegen 0.57/turn

%: no passive effects
@: mighty, flying, fire susceptible
A: large, unfitting armour, horns 1, tough skin 1, double potion healing,
drunken brawling
a: Renounce Religion


You were on level 2 of the Dungeon.
You worshipped Jiyva.
Jiyva was pleased with you.
You visited 1 branch of the dungeon, and saw 2 of its levels.

You collected 39 gold pieces.

Inventory:

Hand Weapons
 a - a -1 mace of flaming (weapon)
Armour
 b - a +0 robe (worn)
Jewellery
 f - a ring of flight (left hand)
Scrolls
 c - a scroll of blinking {unknown}
 g - a scroll of enchant weapon {unknown}
 h - a scroll of fear {unknown}
Potions
 e - a potion of ambrosia {unknown}


   Skills:
 - Level 4.0 Fighting
 * Level 4.4 Maces & Flails
 - Level 1.2 Spellcasting
 - Level 2.6 Fire Magic


You had 2 spell levels left.
You knew the following spells:

 Your Spells              Type           Power      Damage    Failure   Level
p - Scorch                Fire           16%        2d5       12%         2

Your spell library contained the following spells:

 Spells                   Type           Power      Damage    Failure   Level


Dungeon Overview and Level Annotations

Branches:
Dungeon (2/15)

Altars:
Jiyva


Innate Abilities, Weirdness & Mutations

You are too large for most types of armour.
You have a pair of small horns on your head.
You have tough skin. (AC +1)
You gain doubled healing and magic from potions.
Whenever you drink a healing potion, you attack all around you.


Message History

A jackal is nearby!
You closely miss the jackal.
The jackal is almost dead.
The jackal barely misses you. The jackal bites you.
You closely miss the jackal.
The jackal is almost dead.
The jackal bites you but does no damage.
You barely miss the jackal.
The jackal is almost dead.
The jackal barely misses you. The jackal closely misses you.
You miss the jackal. You headbutt the jackal.
You kill the jackal!
No target in view!
No target in view!
No target in view!
No target in view!
Things that are here:
a jackal corpse; a jackal corpse; a jackal corpse "These will know how to inflict the punishment due to you!" 2 fire elementals come into view.
There are monsters nearby!
You closely miss the fire elemental.
You headbutt the fire elemental, but do no damage.
The fire elemental hits you. The fire elemental burns you!
There are monsters nearby!
You barely miss the fire elemental. The fire elemental hits you.
The fire elemental burns you!
* * * LOW HITPOINT WARNING * * *
The fire elemental barely misses you. The fire elemental hits you.
The fire elemental burns you!
* * * LOW HITPOINT WARNING * * *
Okay, then.
Okay, then.
Okay, then.
It was a potion of might.
You feel very mighty all of a sudden. The fire elemental hits you.
* * * LOW HITPOINT WARNING * * *
The fire elemental burns you!
You die...

..# ##....#.###
### #..........
#.....#..##
#.......##.##
........##.##
##............
###...#.##.##
############
#...#.##.##
......E@E○.#
##.##.##.##
##########°#
#.#.#.#.##
#.####..###..##
#......## ##...
#######.###.###
##.#.####
##......
#######


You could see 2 fire elementals.

Vanquished Creatures
  An adder (D:2)
  A dart slug (D:1)
  2 endoplasms (D:1)
  2 giant cockroaches (D:1)
  3 goblins (D:1)
  3 hobgoblins
  3 jackals (D:2)
  A quokka (D:1)
  3 ball pythons
  3 bats
  A frilled lizard (D:1)
  2 rats (D:2)
25 creatures vanquished.

Vanquished Creatures (others)
  An adder (D:2)
  A ribbon worm (D:2)
  2 bats (D:2)
  A giant cockroach (D:2)
  A goblin (D:2)
  A quokka (D:2)
  A frilled lizard (D:2)
8 creatures vanquished.

Grand Total: 33 creatures vanquished

Notes
Turn   | Place    | Note
-------+----------+-------------------------------------------
     0 | D:1      | lunkers the Oni Cinder Acolyte began the quest for the Orb.
     0 | D:1      | Reached XP level 1. HP: 24/24 MP: 2/2
   154 | D:1      | Reached XP level 2. HP: 32/32 MP: 3/3
   182 | D:1      | Learned a level 2 spell: Scorch
   513 | D:1      | Found a faded altar of an unknown god.
   647 | D:1      | Prayed at the altar of an unknown god.
   647 | D:1      | Fell from the grace of Ignis
   647 | D:1      | Became a worshipper of Jiyva Juutya the Shapeless
   647 | D:1      | Reached * piety under Jiyva
   706 | D:2      | Reached XP level 3. HP: 39/39 MP: 4/4
   817 | D:2      | Reached ** piety under Jiyva
   934 | D:2      | Noticed a fire elemental
   934 | D:2      | Noticed a fire elemental
   937 | D:2      | Slain by a fire elemental

Illustrated notes

Levels and vault maps discovered:
D:1:      zelgadis_glass_arrival_large, layout_basic,
          ebering_ecumenical_altar_box, minivault_19
D:2:      layout_loops_ring, moated_statue

Skill      XL: |  1  2 |
---------------+-------+-----
Maces & Flails | 4 |  4.4
Fighting       | |  4.0
Spellcasting   | |  1.2
Fire Magic     | |  2.6

Action                     || total
---------------------------++-------
  Melee: Mace              ||    49
         Headbutt          ||     8
   Cast: Scorch            ||     4
    Use: Potion            ||     1
 Armour: Robe              ||    39
  Dodge: Dodged            ||    21

Table legend: (Time is in decaauts)
 A = Elapsed time spent in this place.
 B = Non-inter-level travel time spent in this place.
 C = Inter-level travel time spent in this place.
 D = Time resting spent in this place.
 E = Time spent auto-exploring this place.
 F = Levels seen in this place.
 G = Mean time per level.
                   A        B        C        D        E       F      G
               +--------+--------+--------+--------+--------+-----+--------+
         Total |    946 |    898 |     48 |      0 |    767 |   2 |  473.0 |
       Dungeon |    946 |    898 |     48 |      0 |    767 |   2 |  473.0 |
               +--------+--------+--------+--------+--------+-----+--------+

Top non-repeatable levels by time:
     D:1: 680 daAuts
     D:2: 266 daAuts
